Map: Terraformation EC (Void)

Players

AgCl - Winner!

  • Race: Protoss Protoss
  • League: Silver

Octophobia

  • Race: Zerg Zerg
  • League: Silver

VOD

Have the link to the VOD?

Description

Time

  • Played on: July 14, 2015, 3:54 a.m.
  • Length: 7:42
Show
View Real Time Build Order
Export as new Build Order

AgCl Protoss - Winner!

Build Orders: Oracle Opening, Carrier Rush 

Get SALT Encoding   

  12  0:02  Probe  
  13  0:27  Pylon  
  13  0:28  Probe  
  14  0:34  Assimilator  
  14  0:45  Probe (Chrono Boost)  
  14  0:47  Gateway  
  16  0:57  Probe (Chrono Boost)  
  17  1:04  Probe (Chrono Boost)  
  17  1:14  Probe (Chrono Boost)  
  17  1:18  Assimilator  
  18  1:24  Probe (Chrono Boost)  
  19  1:27  Pylon  
  19  1:31  Probe  
  20  1:38  Zealot (Chrono Boost)  
  22  1:50  Cybernetics Core  
  22  1:51  Probe  
  23  2:03  Probe (Chrono Boost)  
  24  2:12  Pylon  
  25  2:15  Probe (Chrono Boost)  
  25  2:22  Probe (Chrono Boost)  
  26  2:32  Probe  
  26  2:36  Stargate  
  27  2:49  Probe  
  28  2:51  Nexus  
  26  3:01  Probe  
  27  3:12  Pylon, Warp Gate  
  27  3:13  Probe (Chrono Boost)  
  28  3:21  Oracle (Chrono Boost)  
  28  3:24  Mothership Core (Chrono Boost)  
  33  3:39  Probe  
  34  3:42  Pylon  
  35  3:59  Fleet Beacon  
  35  4:00  Probe (Chrono Boost), Phoenix  
  36  4:07  Probe (Chrono Boost)  
  36  4:08  Probe (Chrono Boost)  
  38  4:16  Probe  
  39  4:17  Probe  
  39  4:21  Pylon  
  40  4:25  Carrier (Chrono Boost)  
  40  4:28  Probe (Chrono Boost)  
  42  4:32  Probe (Chrono Boost)  
  42  4:39  Assimilator  
  42  4:40  Probe (Chrono Boost)  
  42  4:42  Assimilator  
  44  4:46  Probe (Chrono Boost)  
  44  4:48  Probe (Chrono Boost)  
  51  4:58  Probe x2 (Chrono Boost)  
  53  5:06  Protoss Air Weapons Level 1  
  55  5:07  Probe (Chrono Boost)  
  55  5:09  Probe (Chrono Boost)  
  55  5:13  Graviton Catapult  
  55  5:15  Probe (Chrono Boost)  
  55  5:19  Gateway  
  57  5:24  Probe (Chrono Boost)  
  57  5:25  Probe (Chrono Boost), Gateway  
  58  5:34  Carrier (Chrono Boost)  
  58  5:35  Probe (Chrono Boost)  
  60  5:36  Probe (Chrono Boost), Stargate  
  60  5:37  Pylon  
  66  6:02  Probe  
  67  6:04  Probe  
  67  6:06  Carrier (Chrono Boost)  
  67  6:09  Gateway x2  
  68  6:14  Pylon  
  68  6:17  Gateway  
  68  6:19  Gateway  
  68  6:20  Probe  
  75  6:32  Adept  
  75  6:34  Pylon  
  75  6:35  Adept  
  79  6:47  Probe  
  80  6:53  Adept x2  
  84  7:15  Adept x3  
  96  7:25  Gateway, Probe  
  97  7:30  Forge  
  97  7:35  Adept  
Show
View Real Time Build Order
Export as new Build Order

Octophobia Zerg 

Build Orders: Hatch First 

Get SALT Encoding   

  12  0:01  Drone  
  13  0:12  Overlord  
  13  0:17  Drone  
  14  0:31  Drone x2  
  16  0:54  Hatchery  
  15  0:59  Drone  
  16  1:10  Spawning Pool  
  15  1:14  Drone  
  16  1:21  Drone  
  17  1:29  Drone  
  17  1:30  Overlord  
  18  1:38  Drone  
  19  1:45  Extractor  
  19  2:03  Drone x2  
  21  2:08  Hatchery  
  21  2:13  Queen  
  22  2:19  Queen  
  24  2:24  Zergling x2  
  24  2:25  Zergling x2  
  26  2:35  Zergling x2  
  27  2:37  Zergling x2  
  27  3:09  Drone  
  27  3:10  Drone x5  
  33  3:14  Extractor x2  
  31  3:20  Queen  
  33  3:34  Drone  
  33  3:35  Drone  
  33  3:40  Overlord  
  36  3:41  Drone x3  
  36  3:42  Drone x3  
  41  4:06  Drone x5  
  41  4:07  Drone x2  
  48  4:10  Drone x2  
  48  4:13  Lair  
  50  4:18  Spore Crawler  
  49  4:28  Spore Crawler  
  49  4:30  Spore Crawler  
  42  4:45  Drone x2  
  42  4:48  Overlord  
  42  4:49  Overlord x2  
  43  5:09  Drone x4  
  43  5:13  Drone  
  48  5:14  Queen  
  48  5:15  Spire  
  48  5:20  Drone x2  
  48  5:21  Drone x4  
  55  5:25  Drone  
  55  5:27  Extractor  
  55  5:28  Extractor  
  55  5:31  Drone x2  
  55  5:32  Drone x2  
  55  5:34  Drone  
  59  5:56  Drone x5  
  59  5:57  Drone x2  
  66  5:59  Overlord x3  
  66  6:03  Extractor  
  65  6:05  Extractor, Zergling x4  
  66  6:12  Metabolic Boost  
  66  6:14  Evolution Chamber  
  66  6:15  Drone  
  66  6:17  Evolution Chamber, Drone  
  66  6:20  Drone x2  
  66  6:21  Drone x2  
  70  6:28  Drone x2, Infestation Pit  
  72  6:32  Drone  
  72  6:38  Drone x3  
  72  6:39  Drone x3  
  78  6:45  Mutalisk x4  
  84  6:59  Zergling x12  
  90  7:01  Overlord x2  
  88  7:13  Mutalisk  
  88  7:14  Mutalisk x2  
  90  7:17  Overlord x3  
Tags
 
Add a new tag
Caveats
  • Supply blocks, unpowered buildings, or Contaminate may cause inaccurate times.
  • Supply counts are checked every 10 seconds.